BSA
BOSTON REBELS @ NEW YORK KNIGHTS
09/16/2026
 
TOP OF THE 1ST
Boston Rebels batting - Pitching for New York Knights : LHP Hong-ryul Yun
Pitching: LHP Hong-ryul Yun
Batting: LHB Bill Wilson 0-0: Ball
1-0: Ball
2-0: Bunt for hit - play at first, batter safe!
Batting: RHB Ronnie Brown 0-0: SINGLE (Groundball, 6MD)
Bill Wilson to second
Runner from 2nd tries for 3rd, SAFE, no throw or cutoff
Batting: LHB Stanley Mullins 0-0: Called Strike
0-1: Ball
1-1: Ball
2-1: Ball
3-1: Foul Ball, location: 2F
3-2: Strikes out swinging
Ronnie Brown is caught stealing 2nd base
Batter strikes out.
Batting: SHB Javier Villegas 0-0: Ball
1-0: Ball
2-0: Ball
3-0: Called Strike
3-1: Foul Ball, location: 2F
3-2: Base on Balls
Batting: RHB Salvador Gonzáles 0-0: Called Strike
0-1: Swinging Strike
0-2: Ball
1-2: Strikes out swinging
Top of the 1st over - 0 run(s), 2 hit(s), 0 error(s), 2 left on base; Boston 0 - New York 0
BOTTOM OF THE 1ST
New York Knights batting - Pitching for Boston Rebels : RHP Mark MacGruder
Pitching: RHP Mark MacGruder
Batting: LHB Warren Potter 0-0: Ball
1-0: Ball
2-0: Ground out 2-3 (Groundball, 23)
Batting: RHB Pepe Carrasco 0-0: Ball
1-0: Ball
2-0: Called Strike
2-1: Ball
3-1: Called Strike
3-2: Base on Balls
Batting: LHB Troy Donaldson 0-0: Called Strike
0-1: Foul Ball, location: 2F
0-2: Ball
1-2: Ball
2-2: Fielders Choice at 2nd, U4 (Groundball, 4)
Batting: LHB Tom Waller 0-0: Called Strike
0-1: Ground out 1-3 (Groundball, 13S)
Bottom of the 1st over - 0 run(s), 0 hit(s), 0 error(s), 1 left on base; Boston 0 - New York 0
TOP OF THE 2ND
Boston Rebels batting - Pitching for New York Knights : LHP Hong-ryul Yun
Batting: RHB Roberto Chávez 0-0: Swinging Strike
0-1: Swinging Strike
0-2: Ball
1-2: Ball
2-2: Strikes out looking
Batting: LHB Jeff Gordon 0-0: Ball
1-0: Ball
2-0: Called Strike
2-1: Swinging Strike
2-2: Strikes out swinging
Batting: RHB Gabriel Villegas 0-0: Called Strike
0-1: Called Strike
0-2: Ball
1-2: Strikes out looking
Top of the 2nd over - 0 run(s), 0 hit(s), 0 error(s), 0 left on base; Boston 0 - New York 0
BOTTOM OF THE 2ND
New York Knights batting - Pitching for Boston Rebels : RHP Mark MacGruder
Batting: LHB Iván Salas 0-0: Called Strike
0-1: Ball
1-1: SOLO HOME RUN (Flyball, 9LD), Distance : 418 ft
Batting: RHB José Aguilera 0-0: Called Strike
0-1: Foul Ball, location: 2F
0-2: Foul Ball, location: 2F
0-2: Fly out, F8 (Flyball, 8RM)
Batting: RHB Sixto Vélez 0-0: Called Strike
0-1: Ball
1-1: Swinging Strike
1-2: Ball
2-2: Ball
3-2: Base on Balls
Batting: RHB Lonnie Anderson 0-0: Ball
1-0: DOUBLE (Flyball, 89D)
Sixto Vélez to third
Batting: RHB Yasuhiko Sumita 0-0: SINGLE (Line Drive, 89S)
Sixto Vélez scores
Lonnie Anderson to third
Runner from 3rd tries for Home, SAFE, no throw or cutoff
Batting: LHB Warren Potter 0-0: Called Strike
0-1: Called Strike
0-2: Grounds into double play, 5-4-3 (Groundball, 5)
Bottom of the 2nd over - 3 run(s), 3 hit(s), 0 error(s), 0 left on base; Boston 0 - New York 3
TOP OF THE 3RD
Boston Rebels batting - Pitching for New York Knights : LHP Hong-ryul Yun
Batting: RHB Peter Sexton 0-0: Ball
1-0: Ball
2-0: Called Strike
2-1: Swinging Strike
2-2: Ball
3-2: Strikes out swinging
Batting: LHB Bill Wilson 0-0: Called Strike
0-1: Ball
1-1: Ground out 3-1 (Groundball, 3L)
Batting: RHB Ronnie Brown 0-0: Ball
1-0: Swinging Strike
1-1: Called Strike
1-2: SINGLE (Line Drive, 8LS)
Batting: LHB Stanley Mullins 0-0: Called Strike
0-1: Ball
1-1: Swinging Strike
1-2: Ball
Ronnie Brown steals 2nd base
2-2: Strikes out looking
Top of the 3rd over - 0 run(s), 1 hit(s), 0 error(s), 1 left on base; Boston 0 - New York 3
BOTTOM OF THE 3RD
New York Knights batting - Pitching for Boston Rebels : RHP Mark MacGruder
Batting: RHB Pepe Carrasco 0-0: Called Strike
0-1: Ball
1-1: Swinging Strike
1-2: Ground out 4-3 (Groundball, 34)
Batting: LHB Troy Donaldson 0-0: Foul Ball, location: 2F
0-1: Ball
1-1: Ball
2-1: Called Strike
2-2: DOUBLE (Line Drive, 7LS)
Batting: LHB Tom Waller 0-0: Swinging Strike
0-1: Ball
1-1: Ball
2-1: Swinging Strike
2-2: Ball
3-2: Strikes out swinging
Batting: LHB Iván Salas 0-0: 2-RUN HOME RUN (Flyball, 9LD), Distance : 346 ft
Batting: RHB José Aguilera 0-0: Ball
1-0: Ball
2-0: Fly out, F4 (Popup, 4M)
Bottom of the 3rd over - 2 run(s), 2 hit(s), 0 error(s), 0 left on base; Boston 0 - New York 5
TOP OF THE 4TH
Boston Rebels batting - Pitching for New York Knights : LHP Hong-ryul Yun
Batting: SHB Javier Villegas 0-0: Ball
1-0: Foul Ball, location: 2F
1-1: Ball
2-1: Ball
3-1: Foul Ball, location: 2F
3-2: Base on Balls
Batting: RHB Salvador Gonzáles 0-0: Ball
1-0: Fly out, F3 (Popup, 3SF)
Batting: RHB Roberto Chávez 0-0: Called Strike
0-1: Ball
1-1: Hit by Pitch
Javier Villegas to second
Batting: LHB Jeff Gordon 0-0: Fielders Choice at 2nd, 2-6 (Groundball, 2L)
Javier Villegas to third
Batting: RHB Gabriel Villegas 0-0: Ball
1-0: Called Strike
1-1: Ball
2-1: Fly out, F8 (Popup, 8LS)
Top of the 4th over - 0 run(s), 0 hit(s), 0 error(s), 2 left on base; Boston 0 - New York 5
BOTTOM OF THE 4TH
New York Knights batting - Pitching for Boston Rebels : RHP Mark MacGruder
Batting: RHB Sixto Vélez 0-0: Foul Ball, location: 2F
0-1: Ball
1-1: SINGLE (Line Drive, 78S)
Batting: RHB Lonnie Anderson 0-0: Ball
1-0: Ball
2-0: Called Strike
2-1: Foul Ball, location: 2F
2-2: 2-RUN HOME RUN (Flyball, 78XD), Distance : 415 ft
Pitching: RHP Dorian Hoskins
Batting: RHB Yasuhiko Sumita 0-0: Called Strike
0-1: SINGLE (Line Drive, 34)
Batting: LHB Warren Potter 0-0: Called Strike
0-1: Ball
1-1: SINGLE (Flyball, 6MD)
Yasuhiko Sumita to second
Batting: RHB Pepe Carrasco 0-0: Called Strike
0-1: Ball
1-1: SINGLE (Groundball, 34)
Yasuhiko Sumita to third
Warren Potter to second
Runner from 3rd tries for Home, throw and OUT!
Batting: LHB Troy Donaldson 0-0: Swinging Strike
0-1: Called Strike
0-2: Strikes out swinging
Batting: LHB Tom Waller 0-0: Ball
1-0: Ball
2-0: Fly out, F9 (Flyball, 8RM)
Bottom of the 4th over - 2 run(s), 5 hit(s), 0 error(s), 2 left on base; Boston 0 - New York 7
TOP OF THE 5TH
Boston Rebels batting - Pitching for New York Knights : LHP Hong-ryul Yun
Batting: RHB Peter Sexton 0-0: Called Strike
0-1: Ball
1-1: SOLO HOME RUN (Line Drive, 7D), Distance : 382 ft
Batting: LHB Bill Wilson 0-0: Called Strike
0-1: Ball
1-1: Ball
2-1: SINGLE (Flyball, 8LS)
Batting: RHB Ronnie Brown 0-0: Called Strike
0-1: Foul Ball, location: 2F
0-2: Ball
1-2: Ball
2-2: Foul Ball, location: 2F
2-2: Fly out, F9 (Flyball, 9M)
2-2: Fly out, F9 (Flyball, 9M)
Batting: LHB Stanley Mullins 0-0: Ball
Wild Pitch!
Bill Wilson to second
1-0: Ball
2-0: Ground out 1-3 (Groundball, 13)
Bill Wilson to third
Batting: SHB Javier Villegas 0-0: Swinging Strike
0-1: Ball
1-1: Foul Ball, location: 2F
1-2: Foul Ball, location: 2F
1-2: Foul Ball, location: 2F
1-2: Strikes out swinging
Top of the 5th over - 1 run(s), 2 hit(s), 0 error(s), 1 left on base; Boston 1 - New York 7
BOTTOM OF THE 5TH
New York Knights batting - Pitching for Boston Rebels : RHP Dorian Hoskins
Batting: LHB Iván Salas 0-0: Called Strike
0-1: Swinging Strike
0-2: Ball
1-2: Ball
2-2: Foul Ball, location: 2F
2-2: Ball
3-2: Foul Ball, location: 2F
3-2: Base on Balls
Batting: RHB José Aguilera 0-0: Fly out, F9 (Flyball, 89S)
0-0: Fly out, F9 (Flyball, 89S)
Batting: RHB Sixto Vélez 0-0: Called Strike
0-1: Ball
1-1: Ball
2-1: SINGLE (Line Drive, 4M)
Iván Salas to second
Batting: RHB Lonnie Anderson 0-0: Called Strike
0-1: Foul Ball, location: 2F
0-2: Fly out, F6 (Popup, 6M)
Batting: RHB Yasuhiko Sumita 0-0: Ball
1-0: Called Strike
1-1: Foul Ball, location: 2F
1-2: Ball
2-2: SINGLE (Groundball, 25) (infield hit)
Iván Salas to third
Sixto Vélez to second
Batting: LHB Warren Potter 0-0: Swinging Strike
0-1: Ball
1-1: SINGLE (Line Drive, 9LM)
Iván Salas scores
Sixto Vélez to third
Yasuhiko Sumita to second
Runner from 3rd tries for Home, SAFE, no throw or cutoff
Batting: RHB Pepe Carrasco 0-0: 3-RUN HOME RUN (Flyball, 78XD), Distance : 423 ft
Pitching: RHP Manuel Jimenen
Batting: LHB Troy Donaldson 0-0: Fly out, F8 (Flyball, 8RS)
Bottom of the 5th over - 5 run(s), 4 hit(s), 0 error(s), 0 left on base; Boston 1 - New York 12
TOP OF THE 6TH
Boston Rebels batting - Pitching for New York Knights : LHP Hong-ryul Yun
Batting: RHB Salvador Gonzáles 0-0: Called Strike
0-1: Ball
1-1: Ground out 6-3 (Groundball, 56)
Batting: RHB Roberto Chávez 0-0: DOUBLE (Flyball, 89D)
Batting: LHB Jeff Gordon 0-0: Foul Ball, location: 2F
0-1: Ball
1-1: Ball
2-1: Ball
3-1: Foul Ball, location: 2F
3-2: Strikes out looking
Batting: RHB Gabriel Villegas 0-0: Called Strike
0-1: Fly out, F9 (Flyball, 9M)
Top of the 6th over - 0 run(s), 1 hit(s), 0 error(s), 1 left on base; Boston 1 - New York 12
BOTTOM OF THE 6TH
New York Knights batting - Pitching for Boston Rebels : RHP Manuel Jimenen
Batting: LHB Tom Waller 0-0: Ball
1-0: Ball
2-0: Fly out, F6 (Popup, 6D)
Batting: LHB Iván Salas 0-0: Ball
1-0: Ball
2-0: Foul Ball, location: 2F
2-1: Ball
3-1: Foul Ball, location: 2F
3-2: Base on Balls
Batting: RHB José Aguilera 0-0: Foul Ball, location: 2F
0-1: Ball
1-1: 2-RUN HOME RUN (Line Drive, 89XD), Distance : 435 ft
Pitching: RHP Carlos Ruíz
Batting: RHB Sixto Vélez 0-0: Called Strike
0-1: Ball
1-1: Foul Ball, location: 2F
1-2: Ball
2-2: Ball
3-2: Ground out 6-3 (Groundball, 6)
Batting: RHB Lonnie Anderson 0-0: Ball
1-0: Ball
2-0: Called Strike
2-1: Foul Ball, location: 2F
2-2: Ball
3-2: Strikes out looking
Bottom of the 6th over - 2 run(s), 1 hit(s), 0 error(s), 0 left on base; Boston 1 - New York 14
TOP OF THE 7TH
Boston Rebels batting - Pitching for New York Knights : LHP Hong-ryul Yun
Batting: RHB Peter Sexton 0-0: Fly out, F9 (Flyball, 89XD)
Batting: LHB Bill Wilson 0-0: Called Strike
0-1: Fly out, F6 (Popup, 56)
Batting: RHB Ronnie Brown 0-0: Foul Ball, location: 2F
0-1: Ball
1-1: Called Strike
1-2: Ball
2-2: Fly out, F9 (Line Drive, 89M)
Top of the 7th over - 0 run(s), 0 hit(s), 0 error(s), 0 left on base; Boston 1 - New York 14
BOTTOM OF THE 7TH
New York Knights batting - Pitching for Boston Rebels : RHP Carlos Ruíz
Batting: RHB Yasuhiko Sumita 0-0: Called Strike
0-1: Ball
1-1: Foul Ball, location: 2F
1-2: Foul Ball, location: 2F
1-2: Fly out, F9 (Flyball, 89D)
Batting: LHB Warren Potter 0-0: Ball
1-0: Called Strike
1-1: Foul Ball, location: 2F
1-2: Foul Ball, location: 2F
1-2: Ball
2-2: Ground out 1-3 (Groundball, 13S)
Batting: RHB Pepe Carrasco 0-0: Called Strike
0-1: Foul Ball, location: 2F
0-2: Strikes out swinging
Bottom of the 7th over - 0 run(s), 0 hit(s), 0 error(s), 0 left on base; Boston 1 - New York 14
TOP OF THE 8TH
Boston Rebels batting - Pitching for New York Knights : LHP Hong-ryul Yun
Pitching: LHP Leo Huggins
Now at 3B: Rafael Rincón
Batting: LHB Stanley Mullins 0-0: Ball
1-0: Foul Ball, location: 2F
1-1: Foul Ball, location: 2F
1-2: SINGLE (Line Drive, 6D)
Batting: SHB Javier Villegas 0-0: Called Strike
0-1: Ball
1-1: Ball
2-1: Swinging Strike
2-2: Ball
3-2: Foul Ball, location: 2F
3-2: Strikes out swinging
Batting: RHB Salvador Gonzáles 0-0: Called Strike
0-1: SINGLE (Line Drive, 9LM)
Stanley Mullins to second
Batting: RHB Roberto Chávez 0-0: Ball
1-0: Ball
2-0: Called Strike
2-1: Ball
3-1: Foul Ball, location: 2F
3-2: Fly out, F9 (Flyball, 89S)
Batting: LHB Jeff Gordon 0-0: Foul Ball, location: 2F
0-1: Ball
1-1: Foul Ball, location: 2F
1-2: Foul Ball, location: 2F
1-2: Ball
2-2: Fly out, F6 (Line Drive, 6M)
Top of the 8th over - 0 run(s), 2 hit(s), 0 error(s), 2 left on base; Boston 1 - New York 14
BOTTOM OF THE 8TH
New York Knights batting - Pitching for Boston Rebels : RHP Carlos Ruíz
Batting: LHB Troy Donaldson 0-0: Ball
1-0: Ball
2-0: Swinging Strike
2-1: Called Strike
2-2: Foul Ball, location: 2F
2-2: Ball
3-2: SINGLE (Flyball, 78S)
Batting: LHB Tom Waller 0-0: Ball
1-0: Called Strike
1-1: Ball
2-1: Ball
3-1: Foul Ball, location: 2F
3-2: Strikes out swinging
Troy Donaldson steals 2nd base
Batter strikes out.
Pitching: RHP Alberto Bonilla
Batting: LHB Iván Salas 0-0: Foul Ball, location: 2F
0-1: Called Strike
0-2: Ball
1-2: Ground out 4-3 (Groundball, 34)
Troy Donaldson to third
Batting: RHB José Aguilera 0-0: Ball
1-0: Called Strike
1-1: Foul Ball, location: 2F
1-2: Foul Ball, location: 2F
1-2: Strikes out swinging
Bottom of the 8th over - 0 run(s), 1 hit(s), 0 error(s), 1 left on base; Boston 1 - New York 14
TOP OF THE 9TH
Boston Rebels batting - Pitching for New York Knights : LHP Leo Huggins
Batting: RHB Gabriel Villegas 0-0: Called Strike
0-1: Swinging Strike
0-2: Ball
1-2: SINGLE (Groundball, 6)
Batting: RHB Peter Sexton 0-0: Grounds into double play, 4-6-3 (Groundball, 34)
Batting: LHB Bill Wilson 0-0: Ball
1-0: Ground out 3-1 (Groundball, 34)
Top of the 9th over - 0 run(s), 1 hit(s), 0 error(s), 0 left on base; Boston 1 - New York 14
Monday, December 5th, 2016 - OOTP Baseball 17.12 Build 75